 Dungeon Crawl Stone Soup version 0.20-a0-456-g215b21a (webtiles) character file.

2213 AlphabetPasta the Insei (level 9, -4/65 HPs)
             Began as a Human Transmuter on Jan 10, 2017.
             Was an Initiate of Qazlal.
             Killed by divine providence
             ... invoked by an orc priest
              (12 damage)
             ... on level 6 of the Dungeon.
             The game lasted 00:32:21 (5572 turns).

AlphabetPasta the Insei (Human Transmuter)          Turns: 5572, Time: 00:32:22

Health: -4/65      AC:  8    Str: 13    XL:     9   Next: 61%
Magic:  13/14      EV: 14    Int: 15    God:    Qazlal [......]
Gold:   269        SH:  0    Dex: 13    Spells: 5/15 levels left

rFire  . . .     SeeInvis .       - Unarmed
rCold  . . .     Gourm    .     b - +1 robe
rNeg   . . .     Faith    .     (no shield)
rPois  .         Spirit   .     p - +2 helmet
rElec  .         Reflect  .     x - +1 cloak {MR+}
rCorr  .         Harm     .     (no gloves)
MR     +....                    (no boots)
Stlth  +.........               k - amulet of regeneration
                                (no ring)
                                (no ring)

@: very slightly contaminated
A: no striking features
a: Renounce Religion


You were on level 6 of the Dungeon.
You worshipped Qazlal.
Qazlal was noncommittal.
You were not hungry.

You visited 2 branches of the dungeon, and saw 7 of its levels.

You collected 269 gold pieces.

Inventory:

Missiles
 a - 56 arrows
Armour
 b - a +1 robe (worn)
 p - a +2 helmet (worn)
 x - a +1 cloak of magic resistance (worn)
Jewellery
 k - an amulet of regeneration (around neck)
 s - an uncursed ring of protection from magic {unknown}
 u - an uncursed amulet of guardian spirit {unknown}
Wands
 n - a wand of flame (36/48)
 C - a wand of digging (2/24)
Scrolls
 m - a scroll of enchant armour
 t - 5 scrolls of teleportation
Potions
 e - a potion of resistance
 h - a potion of heal wounds
 i - a potion of brilliance
 j - a potion of curing
 o - 2 potions of haste
 r - 3 potions of might
 v - a potion of agility
 w - a potion of degeneration {unknown}
 A - a potion of flight {unknown}
Books
 c - a book of Changes

   Spells                             Type                      Level
   a - Beastly Appendage              Transmutation                1
   b - Sticks to Snakes               Transmutation                2
   c - Spider Form                    Transmutation/Poison         3
   d - Ice Form                       Ice/Transmutation            4
   e - Blade Hands                    Transmutation                5
Comestibles
 d - 5 bread rations
 f - a beef jerky
 g - a royal jelly
 l - 2 meat rations
 q - 2 fruits
 z - a chunk of flesh


   Skills:
 + Level 4.0 Fighting
 + Level 2.8 Armour
 + Level 4.2 Dodging
 * Level 6.6 Unarmed Combat
 + Level 3.8 Spellcasting
 + Level 3.6 Hexes
 * Level 5.8 Transmutations
 + Level 2.4 Invocations
 - Level 2.2 Evocations


You had 5 spell levels left.
You knew the following spells:

 Your Spells              Type           Power        Failure   Level  Hunger
a - Beastly Appendage     Tmut           ###...       1%          1    None
b - Sticks to Snakes      Tmut           ###.....     2%          2    ##.....
c - Confuse               Hex            ##......     14%         3    ###....
d - Confusing Touch       Hex            ##....       4%          1    None
e - Spider Form           Tmut/Pois      ##........   21%         3    ###....


Dungeon Overview and Level Annotations

Branches:
Dungeon (6/15)             Temple (1/1) D:4

Altars:
Ashenzari
Cheibriados
Dithmenos
Elyvilon
Fedhas
Gozag
Hepliaklqana
Makhleb
Nemelex Xobeh
Okawaru
Qazlal
Ru
Uskayaw
Vehumet
Xom
Yredelemnul
Zin
The Shining One

Shops:
D:6 =


Message History

The orc priest mumbles some strange prayers to Beogh against you.
Beogh smites you! The worker ant misses you.
You punch the worker ant!
The worker ant is almost dead.
The orc priest mumbles some strange prayers to Beogh against you.
Beogh smites you!
* * * LOW HITPOINT WARNING * * *
The worker ant misses the orc warrior.
You hit the worker ant but do no damage.
The worker ant is almost dead.
You punch the worker ant!
You kill the worker ant!
Qazlal accepts your kill.
Your Fighting skill increases to level 4!
The orc priest calls down the wrath of Beogh upon you.
Beogh smites you!
* * * LOW HITPOINT WARNING * * *
The orc priest calls down the wrath of Beogh upon you.
Beogh smites you!
You die...

#⌠.⌠##.# # #.∩.#
.# #⌠.⌠##.##.Z
###.#......
#!.o..#..#
#.#Z###..# .
...#o# #..# ..
#..# #.# #..###...
#.# #@# #........
#. #.###...##... #
#.............[
##..............
#................
#.................
#.................
##................
#..........#......


You could see an orc warrior, an orc priest and an adder zombie.

Vanquished Creatures
  Pikel (D:5)
  Grinder (D:4)
  Sigmund (D:5)
  Eustachio (D:4)
  A slave (D:5)
  An ogre (D:4)
  2 sky beasts (D:5)
  An ice beast (D:5)
  A centaur (D:5)
  2 crimson imps (D:5)
  A centaur zombie (D:4)
  Crazy Yiuf (D:4)
  A centaur skeleton (D:4)
  3 orc priests
  2 hounds (D:5)
  3 orc wizards (D:4)
  8 worker ants
  Natasha (thrice) (D:2)
  2 hound zombies (D:4)
  A hound skeleton (D:4)
  4 worker ant zombies
  A gnoll (D:2)
  6 adders
  3 worms
  3 adder skeletons (D:4)
  2 adder zombies (D:4)
  2 dart slugs
  4 leopard geckos
  12 orcs
  3 giant cockroaches
  3 goblins (D:2)
  4 hobgoblins
  5 jackals
  10 kobolds
  3 quokkas
  2 ball pythons
  A ball python zombie (D:4)
  6 bats
  4 frilled lizards
  2 leopard gecko zombies (D:4)
  A quokka zombie (D:4)
  11 rats
129 creatures vanquished.

Vanquished Creatures (collateral kills)
  A worm (D:2)
1 creature vanquished.

Vanquished Creatures (others)
  2 jackals (D:5)
2 creatures vanquished.

Grand Total: 132 creatures vanquished

Notes
Turn   | Place    | Note
-------+----------+-------------------------------------------
     0 | D:1      | AlphabetPasta the Human Transmuter began the quest for the Orb.
     0 | D:1      | Reached XP level 1. HP: 15/15 MP: 3/3
   322 | D:1      | Reached XP level 2. HP: 1/21 MP: 3/5
   326 | D:1      | Learned a level 2 spell: Sticks to Snakes
   869 | D:2      | Noticed Natasha
   877 | D:2      | Killed Natasha
   877 | D:2      | Reached XP level 3. HP: 5/26 MP: 6/6
  1435 | D:2      | Learned a level 3 spell: Confuse
  1452 | D:2      | Reached XP level 4. HP: 29/32 MP: 5/7
  1471 | D:2      | Learned a level 1 spell: Confusing Touch
  1488 | D:2      | Found a hazy altar of Hepliaklqana.
  1572 | D:2      | Noticed Natasha
  1582 | D:2      | Killed Natasha
  1660 | D:2      | Reached skill level 4 in Unarmed Combat
  1773 | D:2      | Reached XP level 5. HP: 36/38 MP: 8/8
  1965 | D:2      | Noticed Natasha
  1973 | D:2      | Killed Natasha
  2060 | D:2      | You fall through a shaft for 2 floors!
  2086 | D:4      | Reached skill level 1 in Hexes
  2170 | D:4      | Reached XP level 6. HP: 44/44 MP: 9/9
  2195 | D:3      | Found a shimmering altar of Xom.
  2869 | D:3      | Reached skill level 1 in Evocations
  3193 | D:4      | Learned a level 3 spell: Spider Form
  3233 | D:4      | Reached XP level 7. HP: 46/51 MP: 10/10
  3352 | D:4      | Found a hide-covered altar of Uskayaw.
  3436 | D:4      | Reached skill level 5 in Unarmed Combat
  3452 | D:4      | Noticed Eustachio
  3489 | D:4      | Killed Eustachio
  3528 | D:4      | Noticed Grinder
  3532 | D:4      | Paralysed by Grinder for 4 turns
  3565 | D:4      | Reached XP level 8. HP: 46/57 MP: 6/12
  3584 | D:4      | Killed Grinder
  3584 | D:4      | Reached skill level 1 in Armour
  3720 | D:4      | Found a staircase to the Ecumenical Temple.
  3736 | Temple   | Entered the Ecumenical Temple
  3936 | Temple   | Became a worshipper of Qazlal Stormbringer
  4018 | D:4      | Found a runed door.
  4025 | D:4      | Noticed Crazy Yiuf
  4033 | D:4      | Killed Crazy Yiuf
  4411 | D:5      | Entered Level 5 of the Dungeon
  4714 | D:5      | Reached skill level 1 in Invocations
  4752 | D:5      | Reached skill level 5 in Transmutations
  4808 | D:5      | Noticed Pikel
  4869 | D:5      | Killed Pikel
  4869 | D:5      | Reached skill level 6 in Unarmed Combat
  4869 | D:5      | Reached XP level 9. HP: 31/65 MP: 11/14
  5066 | D:5      | Noticed Sigmund
  5078 | D:5      | Killed Sigmund
  5223 | D:5      | Found a shadowy altar of Dithmenos.
  5224 | D:5      | Found a basalt altar of Yredelemnul.
  5536 | D:6      | Found Petwot's Jewellery Shoppe.
  5572 | D:6      | Killed from afar by an orc priest

Vault maps used:
D:1:      dpeg_arrival_arbitrary_c
D:2:      minmay_door_path, overflow_temple_1_default, uniq_natasha
D:3:      nicolae_overflow_hidden_temple, nrook_uturn
D:4:      eat_drink_and_be_merry_uskayaw, serial_undead, serial_undead_e,
          serial_undead_b, serial_undead_c, serial_undead_c, serial_undead_a,
          serial_undead_f, hangedman_abyss_or_decor_stabs, uniq_grinder,
          uniq_crazy_yiuf_cottage, uniq_eustachio
D:5:      grunt_temple_overflow_open, first_bread, kennysheep_doodads,
          kennysheep_cross_bottleneck, uniq_sigmund, uniq_pikel
D:6:      lemuel_round_altar, serial_shops, shop_fountains,
          minmay_a_box_with_orc_wizards_in_it
Temple:   nicolae_temple_figure_eight

Skill      XL: |  1  2  3  4  5  6  7  8  9 |
---------------+----------------------------+-----
Unarmed Combat | 4 5 6 |  6.6
Transmutations | 3 4 5 |  5.8
Hexes          | 1 2 3 |  3.6
Fighting       | 2 3 4 |  4.0
Dodging        | 3 4 |  4.2
Evocations     | 1 2 |  2.2
Armour         | 2 |  2.8
Spellcasting   | 3 |  3.8
Invocations    | 2 |  2.4

Action                   |  1- 3 |  4- 6 |  7- 9 || total
-------------------------+-------+-------+-------++-------
Melee: Unarmed           |    45 |   373 |   419 ||   837
       Kick              |     5 |    17 |    62 ||    84
       Headbutt          |     2 |    12 |       ||    14
       Punch             |       |     6 |    11 ||    17
 Cast: Beastly Appendage |     8 |    14 |    15 ||    37
       Sticks to Snakes  |     1 |     3 |     7 ||    11
       Confusing Touch   |       |    22 |    50 ||    72
Evoke: Wand              |       |       |     4 ||     4
  Use: Scroll            |     3 |     6 |     8 ||    17
       Potion            |       |       |     2 ||     2
 Stab: Sleeping          |       |     2 |     1 ||     3
       Confused          |       |    11 |    30 ||    41
  Eat: Chunk             |     2 |     7 |     8 ||    17
       Pizza             |       |       |     1 ||     1
Armor: Robe              |     4 |    80 |   107 ||   191
Dodge: Dodged            |    24 |   246 |   196 ||   466
